 Dungeon Crawl Stone Soup version 0.30-a0-297-g0ec75d9ef4 (webtiles) character file.

Game seed: 6044555841486066053

1306 Morbidden the Conjurer (level 8, -1/62 HPs)
             Began as a Pale Draconian Conjurer on Oct 19, 2022.
             Slain by an orc warrior
             ... wielding a +2 vampiric battleaxe
              (11 damage)
             ... on level 7 of the Dungeon.
             The game lasted 00:06:31 (5933 turns).

Morbidden the Conjurer (Pale Draconian Conjurer)    Turns: 5933, Time: 00:06:32

Health: -1/62      AC:  8    Str: 10    XL:     8   Next: 32%
Magic:  12/16      EV: 12    Int: 20    God:
Gold:   321        SH:  0    Dex: 10    Spells: 11/18 levels left

rFire   . . .      SeeInvis .      - Unarmed
rCold   + . .      Faith    .    (no shield)
rNeg    . . .      Spirit   .    (body armour unavailable)
rPois   .          Reflect  .    (helmet restricted)
rElec   .          Harm     .    s - +0 cloak
rCorr   .          Rampage  .    t - +0 pair of gloves
Will    .....                    (no boots)
Stlth   ++........               l - amulet of magic regeneration
HPRegen 0.30/turn                k - ring of protection from cold
MPRegen 0.55/turn                (no ring)

@: no status effects
A: breathe steam, AC +6, unfitting armour, cold-blooded, steam resistance
a: Breathe Steam


You were on level 7 of the Dungeon.
You visited 2 branches of the dungeon, and saw 8 of its levels.

You collected 321 gold pieces.

Inventory:

Missiles
 g - 13 poisoned darts
 p - 9 javelins (quivered)
Armour
 s - a +0 cloak (worn)
 t - a +0 pair of gloves (worn)
Jewellery
 k - a ring of protection from cold (left hand)
 l - an amulet of magic regeneration (around neck)
 C - a ring of resist corrosion
Wands
 r - a wand of flame (5)
 z - a wand of polymorph (10)
Scrolls
 b - 6 scrolls of teleportation {unknown}
 c - 8 scrolls of identify {unknown}
 e - 2 scrolls of magic mapping {unknown}
 f - a scroll of immolation {unknown}
 m - 2 scrolls of vulnerability {unknown}
 n - 3 scrolls of blinking {unknown}
 u - a scroll of noise {unknown}
 v - a scroll of enchant weapon {unknown}
 w - a scroll of poison {unknown}
 y - a scroll of amnesia {unknown}
 B - a scroll of silence {unknown}
Potions
 a - a potion of magic
 h - 2 potions of cancellation
 i - 4 potions of haste {unknown}
 j - a potion of might {unknown}
 o - 2 potions of lignification
 q - a potion of flight {unknown}
 x - a potion of berserk rage {unknown}
 A - a potion of mutation {unknown}


   Skills:
 * Level 2.5 Fighting
 * Level 3.4 Dodging
 + Level 2.3 Stealth
 * Level 2.5 Unarmed Combat
 * Level 5.7 Spellcasting
 * Level 6.4 Conjurations
 * Level 2.3 Translocations
 * Level 2.3 Evocations


You had 11 spell levels left.
You knew the following spells:

 Your Spells              Type           Power      Damage    Failure   Level
a - Magic Dart            Conj           100%       1d8       1%          1
b - Searing Ray           Conj           62%        2d6       1%          2
z - Iskenderun's Mystic   Conj/Tloc      23%        2d6       19%         4

Your spell library contained the following spells:

 Spells                   Type           Power      Damage    Failure   Level
 Apportation              Tloc           28%        N/A       4%          1
 Dazzling Flash           Conj/Hex       36%        N/A       9%          3
 Ensorcelled Hibernation  Hex/Ice        10%        N/A       16%         2
 Passwall                 Tmut/Erth      4%         N/A       16%         2
 Sublimation of Blood     Necr           5%         N/A       16%         2
 Wereblood                Tmut           5%         N/A       16%         2
 Fulminant Prism          Conj/Hex       9%         3d7       28%         4
 Swiftness                Air            5%         N/A       32%         3
 Tukima's Dance           Hex            5%         N/A       32%         3
 Passage of Golubria      Tloc           14%        N/A       38%         4
 Alistair's Intoxication  Tmut/Pois      3%         N/A       96%         5
 Yara's Violent Unravell  Hex/Tmut       2%         3d3       96%         5
 Summon Hydra             Summ           2%         N/A       100%        7


Dungeon Overview and Level Annotations

Branches:
Dungeon (7/15)             Temple (1/1) D:5

Altars:
Ashenzari
Dithmenos
Elyvilon
Fedhas
Gozag
Hepliaklqana
Kikubaaqudgha
Makhleb
Nemelex Xobeh
Okawaru
Ru
Trog
Uskayaw
Vehumet
Wu Jian
Xom
Yredelemnul
Zin
The Shining One

Shops:
D:4 :


Innate Abilities, Weirdness & Mutations

You can breathe blasts of scalding, opaque steam.
Your pale cyan-grey scales are hard. (AC +6)
You cannot fit into any form of body armour.
You are cold-blooded and may be slowed by cold attacks.
You are immune to the effects of steam.


Message History

You feel sick.
You are no longer poisoned.
The orc warrior barely misses you.
Unknown command.
Unknown command.
Unknown command.
Okay, then.
Really quaff the potion of lignification?
You turn into a tree.
Your +0 cloak melds into your body.
Your +0 pair of gloves melds into your body.
Your roots penetrate the ground.
You have got your breath back.
The orc warrior hits you with a +2 vampiric battleaxe!!
* * * LOW HITPOINT WARNING * * *
The orc warrior draws strength from your wounds!
Unknown command.
Unknown command.
It was a potion of curing.
You feel better.
The orc warrior hits you with a +2 vampiric battleaxe.
* * * LOW HITPOINT WARNING * * *
Unknown command.
It was a potion of cancellation.
Your magical effects are unravelling.
You feel magically purged.
You feel less wooden.
Your +0 cloak unmelds from your body.
Your +0 pair of gloves unmelds from your body.
The orc warrior misses you.
An orc priest comes into view. It is wielding a +0 whip.
You feel better.
The orc warrior hits you with a +2 vampiric battleaxe!
* * * LOW HITPOINT WARNING * * *
The orc warrior draws strength from your wounds!
Unknown command.
Unknown command.
Unknown command.
Unknown command.
You feel better.
The orc warrior hits you with a +2 vampiric battleaxe!
You die...

### .. .. ###. #)o #o#
#@##########.
#.............#
#.#####.###.#.#
#######.#####.# #.#.#
#.............# #.#.#
#.#####.#########.#.#
#.#####.########....####
........................
#.#.......######...#####


You could see an orc warrior and an orc priest.

Vanquished Creatures
  2 bullfrogs (D:7)
  A scorpion (D:4)
  4 wights (D:6)
  3 killer bees (D:7)
  A howler monkey (D:7)
  5 hounds
  3 jellies
  Jessica (D:3)
  5 orc wizards
  Terence (D:2)
  3 iguanas
  Natasha (thrice) (D:3)
  3 gnolls (D:5)
  3 adders
  2 worms
  A dart slug (D:4)
  27 orcs
  8 endoplasms
  4 giant cockroaches
  5 goblins
  3 hobgoblins
  2 jackals (D:1)
  2 quokkas (D:4)
  7 ball pythons
  10 bats
  3 frilled lizards
  10 kobolds
  4 rats
126 creatures vanquished.

Notes
Turn   | Place    | Note
-------+----------+-------------------------------------------
     0 | D:1      | Morbidden the Draconian Conjurer began the quest for the
                  | Orb.
     0 | D:1      | Reached XP level 1. HP: 14/14 MP: 3/3
   338 | D:1      | Reached XP level 2. HP: 20/20 MP: 5/5
   654 | D:1      | Learned a level 2 spell: Searing Ray
   932 | D:1      | Found a faded altar of an unknown god.
  1022 | D:2      | Noticed Terence
  1227 | D:2      | Reached XP level 3. HP: 13/27 MP: 1/6
  1397 | D:2      | Killed Terence
  1398 | D:2      | Reached skill level 1 in Fighting
  1398 | D:2      | Reached skill level 1 in Unarmed Combat
  1660 | D:2      | Reached XP level 4. HP: 35/35 MP: 5/7
  2344 | D:3      | Learned a level 4 spell: Iskenderun's Mystic Blast
  2385 | D:3      | Noticed Jessica
  2388 | D:3      | Killed Jessica
  2445 | D:3      | Noticed Natasha
  2451 | D:3      | Killed Natasha
  2452 | D:3      | Reached XP level 5. HP: 40/40 MP: 4/9
  2828 | D:3      | Found a bloodstained altar of Trog.
  3037 | D:3      | Noticed Natasha
  3046 | D:3      | Killed Natasha
  3047 | D:3      | Reached skill level 1 in Translocations
  3199 | D:3      | Reached skill level 5 in Conjurations
  3439 | D:3      | Noticed Natasha
  3443 | D:3      | Killed Natasha
  3444 | D:3      | Reached XP level 6. HP: 36/47 MP: 8/11
  3627 | D:4      | Found Miuryqot's Book Shoppe.
  4144 | D:5      | Entered Level 5 of the Dungeon
  4169 | D:5      | Found a staircase to the Ecumenical Temple.
  4180 | Temple   | Entered the Ecumenical Temple
  4441 | D:5      | Your scales start taking on a pale cyan-grey colour.
  4441 | D:5      | Reached XP level 7. HP: 53/53 MP: 7/12
  4441 | D:5      | Gained mutation: You are immune to the effects of steam.
                  | [Pale Draconian growth]
  4514 | D:5      | Reached skill level 1 in Evocations
  4952 | D:6      | Reached skill level 6 in Conjurations
  5731 | D:7      | Reached skill level 5 in Spellcasting
  5731 | D:7      | Reached XP level 8. HP: 62/62 MP: 11/15
  5933 | D:7      | Slain by an orc warrior

Illustrated notes

Levels and vault maps discovered:
D:1:      giann_wishing_wells, layout_basic, chequers_ecumenical_altar_lobes,
          dk_noncrumbling_2, chequers_hall_statues_corner_a
D:2:      layout_basic, chequers_serial_rivers_micro_c,
          minmay_misc_feat_pillars, due_unseen_surprise, uniq_terence
D:3:      kennysheep_six_static_rooms, layout_loops_corners, bloody_trog,
          uniq_jessica, uniq_natasha
D:4:      layout_rooms, serial_shops, nicolae_square_shop, grunt_tough_drop
D:5:      layout_cave_pods, minmay_temple_entry_tees
D:6:      layout_basic
D:7:      layout_loops_ring, nicolae_sif_muna_little_library
Temple:   compressed_dpeg_circular_temple

Skill      XL: |  1  2  3  4  5  6  7  8 |
---------------+-------------------------+-----
Dodging        | 2 3 |  3.4
Fighting       | 1 2 |  2.5
Stealth        | 2 |  2.3
Unarmed Combat | 1 2 |  2.5
Spellcasting   | 3 5 |  5.7
Translocations | 1 2 |  2.3
Conjurations   | 5 6 |  6.4
Evocations     | 1 2 |  2.3

Action                   |  1- 3 |  4- 6 |  7- 9 || total
-------------------------+-------+-------+-------++-------
Melee: Unarmed           |   127 |     2 |       ||   129
       Tailslap          |     6 |       |       ||     6
       Punch             |     1 |       |       ||     1
Throw: Dart              |     4 |       |       ||     4
 Cast: Magic Dart        |    40 |   104 |    56 ||   200
       Searing Ray       |     2 |    21 |     8 ||    31
 Abil: Breathe Steam     |       |       |     4 ||     4
  Use: Potion            |     1 |       |     5 ||     6
 Stab: Sleeping          |     1 |       |       ||     1
Armor: Skin              |    47 |    11 |     6 ||    64
Dodge: Dodged            |    89 |    13 |    18 ||   120

Table legend: (Time is in decaauts)
 A = Elapsed time spent in this place.
 B = Non-inter-level travel time spent in this place.
 C = Inter-level travel time spent in this place.
 D = Time resting spent in this place.
 E = Time spent auto-exploring this place.
 F = Levels seen in this place.
 G = Mean time per level.
                   A        B        C        D        E       F      G
               +--------+--------+--------+--------+--------+-----+--------+
         Total |   5931 |   5557 |    374 |     80 |   4647 |   8 |  741.4 |
       Dungeon |   5843 |   5483 |    360 |     80 |   4590 |   7 |  834.7 |
        Temple |     87 |     73 |     14 |      0 |     57 |   1 |   87.0 |
               +--------+--------+--------+--------+--------+-----+--------+

Top non-repeatable levels by time:
     D:3: 1399 daAuts
     D:1: 1071 daAuts
     D:2: 1054 daAuts
     D:5: 696 daAuts
     D:6: 631 daAuts
     D:4: 616 daAuts
     D:7: 372 daAuts
  Temple: 87 daAuts
